 Dungeon Crawl Stone Soup version 0.29.0-13-gc9e81de378 (webtiles) character file.

Game seed: 16573534452899314599

6394 Ashen the Frost Mage (level 10, -14/80 HPs)
             Began as a Demonspawn Ice Elementalist on Sept 8, 2022.
             Was an Initiate of Vehumet.
             Demolished by a two-headed ogre
             ... wielding a +0 giant club
              (17 damage)
             ... on level 9 of the Dungeon.
             The game lasted 00:32:49 (16024 turns).

Ashen the Frost Mage (Demonspawn Ice Elementalist) Turns: 16024, Time: 00:32:51

Health: -14/80     AC:  8    Str:  9    XL:     10   Next: 66%
Magic:  15/21      EV: 14    Int: 20    God:    Vehumet [......]
Gold:   313        SH:  0    Dex: 14    Spells: 12/23 levels left

rFire   + . .      SeeInvis .   u - +1 mace (venom)
rCold   . . .      Faith    .   (no shield)
rNeg    . . .      Spirit   .   i - +2 leather armour {rF+}
rPois   .          Reflect  .   (helmet restricted)
rElec   .          Harm     .   (no cloak)
rCorr   .          Rampage  .   (no gloves)
Will    .....                   (no boots)
Stlth   +++.......              (no amulet)
HPRegen 0.23/turn               (no ring)
MPRegen 0.17/turn               (no ring)

@: no status effects
A: antennae 1, yellow scales 2
a: Renounce Religion


You were on level 9 of the Dungeon.
You worshipped Vehumet.
Vehumet was noncommittal.
You visited 2 branches of the dungeon, and saw 10 of its levels.

You collected 373 gold pieces.
You spent 60 gold pieces at shops.

Inventory:

Hand Weapons
 n - a +1 whip of freezing
 t - a +1 trident of protection
 u - a +1 mace of venom (weapon)
 A - a +4 flail
Missiles
 m - 17 poisoned darts (quivered)
Armour
 i - a +2 leather armour of fire resistance (worn)
Magical Staves
 d - a staff of air
Jewellery
 e - a +6 ring of strength
 k - an amulet of guardian spirit
Wands
 a - a wand of polymorph (6)
 z - a wand of paralysis (8)
Scrolls
 c - 3 scrolls of identify
 f - a scroll of magic mapping {unknown}
 g - 3 scrolls of poison
 j - 3 scrolls of teleportation
 p - a scroll of fear
 r - 2 scrolls of noise
 s - a scroll of silence {unknown}
 v - a scroll of enchant weapon {unknown}
 y - a scroll of amnesia {unknown}
 C - a scroll of butterflies {unknown}
 E - a scroll of enchant armour {unknown}
Potions
 b - a potion of magic
 h - 3 potions of attraction
 l - a potion of cancellation
 o - a potion of ambrosia
 q - a potion of curing
 w - 2 potions of brilliance
 x - a potion of haste
 B - a potion of degeneration {unknown}
 D - a potion of heal wounds


   Skills:
 + Level 7.7 Fighting
 + Level 7.4 Dodging
 - Level 5.0 Stealth
 + Level 7.4 Spellcasting
 + Level 8.1 Ice Magic


You had 12 spell levels left.
You knew the following spells:

 Your Spells              Type           Power      Damage    Failure   Level
a - Freeze                Ice            100%       1d11      1%          1
b - Frozen Ramparts       Ice            78%        1d12      1%          3
c - Ozocubu's Armour      Ice            39%        N/A       1%          3
d - Hailstorm             Conj/Ice       23%        3d7       24%         4

Your spell library contained the following spells:

 Spells                   Type           Power      Damage    Failure   Level
 Ensorcelled Hibernation  Hex/Ice        46%        N/A       3%          2
 Shock                    Conj/Air       28%        1d4       13%         1
 Slow                     Hex            28%        N/A       13%         1
 Passwall                 Tmut/Erth      5%         N/A       19%         2
 Confusing Touch          Hex            7%         N/A       36%         3
 Swiftness                Air            7%         N/A       36%         3
 Vampiric Draining        Necr           7%         2d6       36%         3
 Airstrike                Air            3%         2d(1-17)  77%         4
 Corpse Rot               Necr/Pois/Air  7%         N/A       77%         4
 Lightning Bolt           Conj/Air       3%         1d15      98%         5
 Conjure Ball Lightning   Conj/Air       3%         3x3d6     100%        6


Dungeon Overview and Level Annotations

Branches:
Dungeon (9/15)             Temple (1/1) D:4            Lair (0/5) D:8
    Orc: D:9-12

Altars:
Ashenzari
Cheibriados
Dithmenos
Fedhas
Gozag
Hepliaklqana
Kikubaaqudgha
Makhleb
Nemelex Xobeh
Okawaru
Qazlal
Ru
Sif Muna
Trog
Uskayaw
Vehumet
Wu Jian
Xom
Yredelemnul

Shops:
D:7 *

Annotations:
D:4 3 runed translucent doors, heinrich's ghost, weakling VSDe
D:5 3 runed translucent doors, exclusion: 3 doors, Isauros's ghost, novice MiHu
D:7 2 transporters, Notanamesir's ghost, novice DECj


Innate Abilities, Weirdness & Mutations

You have a pair of small antennae on your head.
You are mostly covered in yellow scales. (AC +3)


Message History

Aiming: Freeze (safe; 1% risk of failure)
Press: ? - help, Shift-Dir - straight line, f - two-headed ogre
Aim: a two-headed ogre, wielding a +0 giant club and a +0 giant spiked club (lightly wounded)
You freeze the two-headed ogre.
The two-headed ogre is lightly wounded.
The wall freezes the two-headed ogre.
The two-headed ogre hits you with a +0 giant club!!
The two-headed ogre hits you with a +0 giant spiked club.
You hit the two-headed ogre.
The two-headed ogre is poisoned.
The two-headed ogre is moderately wounded.
The wall freezes the two-headed ogre.
The two-headed ogre hits you with a +0 giant club!
The two-headed ogre hits you with a +0 giant spiked club.
You hit the two-headed ogre.
The two-headed ogre looks as sick as possible!
The two-headed ogre is moderately wounded.
The wall freezes the two-headed ogre but does no damage.
The two-headed ogre barely misses you.
The two-headed ogre hits you but does no damage.
You sock the two-headed ogre!
The two-headed ogre looks as sick as possible!
The two-headed ogre is heavily wounded.
The frozen ramparts melt away.
Your icy armour will break if you move.
Continue?
The two-headed ogre attacks as you move away!
The two-headed ogre hits you with a +0 giant club!
* * * LOW HITPOINT WARNING * * *
The two-headed ogre hits you with a +0 giant spiked club!
* * * LOW HITPOINT WARNING * * *
Your icy armour cracks and falls away as you move.
Unknown command.
Casting: Freeze (safe; 1% risk of failure)
Confirm with . or Enter, or press ? or * to list all spells.
Aiming: Freeze (safe; 1% risk of failure)
Press: ? - help, Shift-Dir - straight line, f/p - two-headed ogre
Aim: a two-headed ogre, wielding a +0 giant club and a +0 giant spiked club (almost dead, extremely poisoned)
You freeze the two-headed ogre.
The two-headed ogre is almost dead.
The two-headed ogre hits you with a +0 giant club!
You die...

....# #......... ....# #.........
....###+# ####### #..# .#
##....#.######+###.##..###..##..#
#....#............#....(........
#....#............'.............
#....#'##.##..##..###########...
####....#.######O.##..# ...
#....#.....>@......+ ..
#....+.............# .
#....##..########### .##+######
.. ... ...


You could see a two-headed ogre (extremely poisoned).

Vanquished Creatures
  A two-headed ogre (D:8)
  Pikel (D:4)
  Joseph (D:8)
  A troll (D:8)
  Prince Ribbit (D:8)
  Grinder (D:5)
  2 wyverns
  A steam dragon (D:5)
  4 water moccasins
  Edmund (D:5)
  Duvessa (D:4)
  3 black bears
  2 sky beasts
  4 ice beasts
  An orc warrior (D:8)
  An ogre (D:4)
  A centaur (D:8)
  A wolf (D:8)
  3 lemures
  2 phantoms
  4 kobold brigands
  A bullfrog (D:7)
  2 necrophages (D:5)
  A scorpion (D:6)
  Dowan (D:5)
  A killer bee (D:8)
  3 electric eels (D:8)
  4 howler monkeys
  11 hounds
  3 jellies
  A gnoll bouda (D:7)
  3 orc priests (D:4)
  7 iguanas
  4 orc wizards
  4 gnolls (D:7)
  10 adders
  3 shadow imps
  7 white imps
  3 ufetubi
  2 worms
  4 dart slugs
  15 orcs
  6 ball pythons
  6 endoplasms
  5 giant cockroaches
  4 hobgoblins
  8 jackals
  24 kobolds
  2 quokkas
  9 bats
  9 goblins
  4 rats
204 creatures vanquished.

Vanquished Creatures (others)
  6 demonic plants (D:6)
6 creatures vanquished.

Grand Total: 210 creatures vanquished

Notes
Turn   | Place    | Note
-------+----------+-------------------------------------------
     0 | D:1      | Ashen the Demonspawn Ice Elementalist began the quest for
                  | the Orb.
     0 | D:1      | Reached XP level 1. HP: 13/13 MP: 3/3
   254 | D:1      | Gained mutation: You are partially covered in yellow
                  | scales. (AC +2) [demonic ancestry]
   254 | D:1      | Reached XP level 2. HP: 1/20 MP: 0/5
  1552 | D:2      | Reached skill level 1 in Fighting
  1552 | D:2      | Reached XP level 3. HP: 26/26 MP: 4/6
  2399 | D:2      | Learned a level 3 spell: Frozen Ramparts
  2752 | D:2      | Gained mutation: You are mostly covered in yellow scales.
                  | (AC +3) [demonic ancestry]
  2752 | D:2      | Reached XP level 4. HP: 31/32 MP: 4/7
  3240 | D:3      | Learned a level 3 spell: Ozocubu's Armour
  3252 | D:3      | Found a sacrificial altar of Ru.
  3400 | D:3      | Found a broken altar of Ashenzari.
  3690 | D:4      | Noticed a phantom
  3750 | D:4      | Reached skill level 4 in Ice Magic
  3941 | D:4      | Found a runed translucent gate.
  3944 | D:4      | Noticed heinrich's ghost (weakling VSDe)
  3962 | D:4      | Found a runed translucent gate.
  3963 | D:4      | Found a runed translucent gate.
  3987 | D:4      | Noticed a lemure
  4032 | D:3      | Killed a lemure
  4201 | D:4      | Noticed a lemure
  4203 | D:4      | Noticed a lemure
  4242 | D:3      | Killed a lemure
  4540 | D:3      | Killed a phantom
  4541 | D:3      | Gained mutation: You have a pair of small antennae on your
                  | head. [demonic ancestry]
  4541 | D:3      | Reached XP level 5. HP: 4/38 MP: 2/9
  5071 | D:4      | Noticed Pikel
  5077 | D:4      | Killed a lemure
  5103 | D:4      | Noticed a lemure
  5138 | D:4      | Killed Pikel
  5139 | D:4      | Reached XP level 6. HP: 47/47 MP: 1/11
  5139 | D:4      | Reached XP level 7. HP: 52/52 MP: 1/12
  5355 | D:4      | Reached skill level 5 in Ice Magic
  5561 | D:4      | Got the Omnibus of Kinetic Clouds
  5697 | D:4      | Found a staircase to the Ecumenical Temple.
  5715 | Temple   | Entered the Ecumenical Temple
  6322 | D:5      | Entered Level 5 of the Dungeon
  6330 | D:5      | Reached XP level 8. HP: 50/60 MP: 12/14
  6663 | D:5      | Found a shimmering altar of Xom.
  6782 | D:5      | Found a runed translucent gate.
  6782 | D:5      | Found a runed translucent gate.
  6782 | D:5      | Found a runed translucent gate.
  6782 | D:5      | Noticed Isauros's ghost (novice MiHu)
  6940 | D:5      | Noticed Edmund
  6990 | D:5      | Reached skill level 5 in Stealth
  7153 | D:5      | Noticed Dowan
  7473 | D:5      | Reached skill level 5 in Spellcasting
  7487 | D:5      | Reached skill level 5 in Dodging
  7579 | D:5      | Noticed Grinder
  7630 | D:5      | Reached skill level 5 in Fighting
  7630 | D:5      | Reached skill level 6 in Ice Magic
  7713 | D:5      | Noticed Duvessa
  7810 | D:5      | Killed Dowan
  7861 | D:5      | Learned a level 4 spell: Hailstorm
  8007 | D:4      | Reached XP level 9. HP: 68/68 MP: 14/16
  8027 | D:5      | Paralysed by Grinder for 4 turns
  8041 | D:5      | Killed Grinder
  8193 | D:4      | HP: 3/68 [Duvessa/+0 short sword (2)]
  8574 | D:4      | Found a staircase to the Ecumenical Temple.
  8605 | D:4      | Killed Duvessa
  9181 | D:4      | Found a runed translucent gate.
  9181 | D:4      | Found a runed translucent gate.
  9182 | D:4      | Found a runed translucent gate.
  9357 | D:5      | Killed Edmund
 11586 | D:6      | Found an ornate altar of the Wu Jian Council.
 12030 | D:7      | Found a stormy altar of Qazlal.
 12032 | D:7      | Found a shadowy altar of Dithmenos.
 12033 | D:7      | Found a basalt altar of Yredelemnul.
 12035 | D:7      | Found a hide-covered altar of Uskayaw.
 12041 | D:7      | Found Uddud's Serpentskin Sales.
 12076 | D:7      | Reached skill level 7 in Ice Magic
 12083 | D:7      | Bought a scroll of poison for 60 gold pieces
 12496 | D:7      | Found an iron altar of Okawaru.
 12505 | D:7      | Found a snail-covered altar of Cheibriados.
 12530 | D:7      | Found an opulent altar of Gozag.
 12591 | D:7      | Noticed a two-headed ogre
 12594 | D:7      | Found a bloodstained altar of Trog.
 12599 | D:7      | Found a transporter.
 12602 | D:7      | Found a transporter.
 12603 | D:7      | Noticed Notanamesir's ghost (novice DECj)
 12627 | D:7      | Noticed a moth of wrath
 12970 | D:7      | Reached XP level 10. HP: 77/77 MP: 9/19
 13281 | D:8      | Noticed Prince Ribbit
 13413 | D:8      | Killed Prince Ribbit
 13448 | D:8      | Noticed Joseph
 14031 | D:8      | Found a staircase to the Lair.
 14960 | D:8      | Found a radiant altar of Vehumet.
 14967 | D:8      | Became a worshipper of Vehumet
 14992 | D:8      | Killed Joseph
 15274 | D:8      | Noticed a two-headed ogre
 15301 | D:8      | Killed a two-headed ogre
 15302 | D:8      | Reached skill level 8 in Ice Magic
 16003 | D:9      | Noticed a two-headed ogre
 16022 | D:9      | HP: 2/80 [two-headed ogre/+0 giant club (10)]
 16024 | D:9      | Demolished by a two-headed ogre

Illustrated notes

Levels and vault maps discovered:
D:1:      minmay_arrival_four_circles, layout_basic
D:2:      kennysheep_the_goblin_king, layout_basic
D:3:      layout_basic, nicolae_ashenzari_panopticon, lemuel_doored_altar
D:4:      layout_loops_ring, minmay_temple_entry_wispy, gammafunk_ghost_split,
          kennysheep_path_1, chequers_serial_rivers_large_a, dk_vineyard_1,
          uniq_pikel
D:5:      layout_basic, gammafunk_ghost_nasty_kobolds,
          hangedman_abyss_or_decor_stabs, minmay_ruined_shrine, uniq_duvessa,
          uniq_edmund, uniq_grinder
D:6:      layout_loops_corners, nicolae_wu_jian_glorious_leap, elyvilon_altar_5,
          serial_demonic, serial_demonic_g, serial_demonic_c, serial_demonic_e,
          serial_demonic_g, roderic_lattice_a
D:7:      layout_loops_ring, grunt_gozag_statues,
          mainiacjoe_overflow_surrounded_room, grunt_temple_overflow_open,
          cheibriados_altar_1, gammafunk_ghost_wrathful_warriors,
          guppyfry_shop_venom
D:8:      layout_basic, lemuel_round_altar, erik_lair_island, grunt_tough_drop,
          uniq_prince_ribbit1, uniq_joseph
D:9:      layout_gridville, hellmonk_bongcloud_opening, eino_jars, uniq_maurice
Temple:   dpeg_three_leaves_temple

Skill      XL: |  1  2  3  4  5  6  7  8  9 10 |
---------------+-------------------------------+-----
Stealth        | 2 3 4 5 |  5.0
Dodging        | 2 3 4 5 6 7 |  7.4
Fighting       | 1 2 3 5 6 7 |  7.7
Ice Magic      | 4 5 6 7 8 |  8.1
Spellcasting   | 3 4 5 6 7 |  7.4

Action                   |  1- 3 |  4- 6 |  7- 9 | 10-12 || total
-------------------------+-------+-------+-------+-------++-------
Melee: Dagger            |    40 |   162 |       |       ||   202
       Punch             |       |     3 |     7 |       ||    10
       Whip              |       |       |    31 |       ||    31
       Trident           |       |       |   211 |       ||   211
       Mace              |       |       |    82 |    70 ||   152
Throw: Dart              |       |       |     5 |    36 ||    41
 Cast: Freeze            |    45 |    27 |    61 |    16 ||   149
       Frozen Ramparts   |     1 |     5 |    32 |    15 ||    53
       Ozocubu's Armour  |       |     3 |    33 |    13 ||    49
  Use: Potion            |     1 |     4 |     8 |     1 ||    14
       Scroll            |       |     5 |     8 |     1 ||    14
 Stab: Sleeping          |    10 |     3 |     5 |       ||    18
       Invisible         |       |     1 |     6 |       ||     7
Armor: Robe              |    32 |    42 |    31 |       ||   105
       Skin              |       |    39 |    15 |       ||    54
       Leather armour    |       |       |   127 |    33 ||   160
Dodge: Dodged            |    53 |    84 |   285 |   106 ||   528
